 Dungeon Crawl Stone Soup version 0.28-a0-1038-g9c4cb8273d (webtiles) character file.

Game seed: 3719117916929048987

404 Peloso the Covered (level 6, -2/53 HPs)
             Began as a Minotaur Fighter on Dec 8, 2021.
             Was an Initiate of Okawaru.
             Slain by an orc warrior (17 damage)
             ... on level 6 of the Dungeon.
             The game lasted 00:05:08 (3639 turns).

Peloso the Covered (Minotaur Fighter)               Turns: 3639, Time: 00:05:08

Health: -2/53      AC: 11    Str: 20    XL:     6   Next: 56%
Magic:  5/5        EV:  8    Int:  5    God:    Okawaru [......]
Gold:   167        SH:  5    Dex: 12    Spells: 5/5 levels left

rFire   . . .      SeeInvis .   a - +0 long sword
rCold   . . .      Faith    .   c - +0 buckler
rNeg    . . .      Spirit   .   n - +0 chain mail
rPois   .          Reflect  .   (helmet restricted)
rElec   .          Harm     .   (no cloak)
rCorr   +          Rampage  .   i - +0 pair of gloves
Will    .....                   (no boots)
Stlth   ..........              (no amulet)
HPRegen 0.17/turn               s - ring of resist corrosion
MPRegen 0.09/turn               (no ring)

@: mighty
A: horns 2, retaliatory headbutt
a: Renounce Religion


You were on level 6 of the Dungeon.
You worshipped Okawaru.
Okawaru was noncommittal.
You visited 1 branch of the dungeon, and saw 6 of its levels.

You collected 191 gold pieces.
You spent 24 gold pieces at shops.

Inventory:

Hand Weapons
 a - a +0 long sword (weapon)
Armour
 b - a +0 scale mail
 c - a +0 buckler (worn)
 i - a +0 pair of gloves (worn)
 n - a +0 chain mail (worn)
Jewellery
 s - a ring of resist corrosion (left hand)
 t - a ring of fire
Wands
 q - a wand of polymorph (6)
Scrolls
 e - a scroll of teleportation
 h - a scroll of fog
 j - 2 scrolls of fear {unknown}
 l - 3 scrolls of blinking
 o - a scroll of amnesia {unknown}
 p - 3 scrolls of identify
 r - a scroll of holy word {unknown}
 u - a scroll of enchant armour {unknown}
Potions
 d - a potion of might
 f - a potion of degeneration {unknown}
 g - 2 potions of attraction {unknown}
 k - a potion of resistance {unknown}
 m - 3 potions of heal wounds {unknown}


   Skills:
 + Level 4.6 Fighting
 + Level 5.4 Long Blades
 + Level 5.7 Armour
 + Level 1.3 Dodging
 + Level 0.2 Stealth
 + Level 4.8 Shields


You had 5 spell levels left.
You didn't know any spells.
Your spell library contained the following spells:

 Spells                   Type           Power      Damage    Failure   Level
 Passwall                 Tmut/Erth      0%         N/A       100%        2
 Dazzling Flash           Conj/Hex       0%         N/A       100%        3
 Swiftness                Air            0%         N/A       100%        3
 Iskenderun's Mystic Bla  Conj/Tloc      0%         2d3       100%        4
 Starburst                Conj/Fire      0%         6d3       100%        6


Dungeon Overview and Level Annotations

Branches:
Dungeon (6/15)             Temple (0/1) D:6

Altars:
Cheibriados
Okawaru
Vehumet
Yredelemnul
Lugonu

Shops:
D:2 (   D:4 *

Portals:
Abyss: D:4

Annotations:
D:4 1 runed translucent door, whodunnit's ghost, amateur DsCK


Innate Abilities, Weirdness & Mutations

You have a pair of horns on your head.
You reflexively headbutt those who attack you in melee.


Message History

You barely miss the orc. Your headbutt misses the orc.
You feel less confused. The orc barely misses you.
You slash the orc!
You kill the orc!
Okawaru accepts your kill.
You hit the orc warrior but do no damage.
You block the orc warrior's attack.
You hit the orc warrior but do no damage.
The orc warrior hits you with a +0 dire flail.
The orc wizard gestures wildly while chanting.
The orc wizard flickers and vanishes!
Deactivating autopickup; reactivate with Ctrl-A.
The orc warrior barely misses you. You furiously retaliate!
You headbutt the orc warrior! You barely miss the orc warrior.
You headbutt the orc warrior, but do no damage.
The orc warrior is moderately wounded.
The orc warrior hits you with a +0 dire flail.
Unknown command.
You hit the orc warrior but do no damage.
The orc warrior is moderately wounded.
The orc warrior hits you with a +0 dire flail!
Unknown command.
You closely miss the orc warrior.
The orc warrior is moderately wounded.
The orc warrior hits you with a +0 dire flail!
You closely miss the orc warrior.
The orc warrior is moderately wounded.
You block the orc warrior's attack.
Unknown command.
You feel very mighty all of a sudden.
The orc warrior hits you with a +0 dire flail!
* * * LOW HITPOINT WARNING * * *
Unknown command.
You closely miss the orc warrior. Your headbutt misses the orc warrior.
The orc warrior is moderately wounded.
You hear the slow hiss of a very distant avalanche of sand.
The orc warrior hits you with a +0 dire flail!
You die...

#...#
#.....
#......
.......
......o
##..>....
#{o..o...
#o##.>...
##@## ..#
#...# #
#.8.#
#...#
###.###
#8...8#
#.....#
#..>..#
#.....#


You could see an orc warrior and an orc.

Vanquished Creatures
  A scorpion (D:4)
  A jelly (D:4)
  A hound (D:6)
  A bullfrog skeleton (D:5)
  An iguana (D:5)
  A hound zombie (D:5)
  2 hound skeletons
  7 adders
  3 gnolls (D:3)
  An ufetubus (D:5)
  2 adder skeletons (D:4)
  2 worms
  A dart slug (D:1)
  7 orcs
  7 ball pythons
  3 bats
  6 endoplasms
  5 giant cockroaches
  10 goblins
  4 hobgoblins
  5 jackals (D:1)
  4 kobolds
  A quokka (D:5)
  3 frilled lizards
  A jackal skeleton (D:4)
  8 rats
88 creatures vanquished.

Vanquished Creatures (others)
  A lurking horror (D:4)
1 creature vanquished.

Grand Total: 89 creatures vanquished

Notes
Turn   | Place    | Note
-------+----------+-------------------------------------------
     0 | D:1      | Peloso the Minotaur Fighter began the quest for the Orb.
     0 | D:1      | Reached XP level 1. HP: 19/19 MP: 0/0
   179 | D:1      | Reached XP level 2. HP: 22/27 MP: 1/1
   524 | D:1      | Reached XP level 3. HP: 33/33 MP: 2/2
  1065 | D:2      | Found Rubeuc's Weapon Boutique.
  1578 | D:3      | Reached XP level 4. HP: 39/40 MP: 3/3
  2022 | D:3      | Found a radiant altar of Vehumet.
  2140 | D:4      | Found a snail-covered altar of Cheibriados.
  2172 | D:4      | Noticed a scorpion
  2178 | D:4      | Killed a scorpion
  2179 | D:4      | Reached skill level 5 in Armour
  2179 | D:4      | Reached skill level 1 in Dodging
  2179 | D:4      | Reached XP level 5. HP: 47/47 MP: 4/4
  2355 | D:4      | Found a one-way gate to the infinite horrors of the Abyss.
  2356 | D:4      | Found a corrupted altar of Lugonu.
  2586 | D:4      | Found a basalt altar of Yredelemnul.
  2592 | D:4      | Found a runed translucent door.
  2594 | D:4      | Noticed whodunnit's ghost (amateur DsCK)
  2744 | D:4      | Found Lianluf's General Store.
  2839 | D:4      | Bought a scroll of identify for 24 gold pieces
  3055 | D:5      | Entered Level 5 of the Dungeon
  3062 | D:5      | Reached XP level 6. HP: 53/53 MP: 5/5
  3333 | D:5      | Reached skill level 5 in Long Blades
  3379 | D:5      | Found an iron altar of Okawaru.
  3394 | D:5      | Became a worshipper of Warmaster Okawaru
  3609 | D:6      | Found a staircase to the Ecumenical Temple.
  3626 | D:6      | Noticed an orc warrior
  3639 | D:6      | Slain by an orc warrior

Illustrated notes

Levels and vault maps discovered:
D:1:      scummos_arrival_hexagon, layout_basic, minmay_heptomino_d4
D:2:      layout_loops_ring, serial_shops, nicolae_shop_stone, st_stairs_11,
          lemuel_old_faithful
D:3:      layout_loops_ring, mainiacjoe_overflow_alcove_1
D:4:      minmay_evil_eye, layout_basic, mainiacjoe_overflow_large_starburst,
          ebering_ghost_reflecting_pool, serial_shops, nicolae_shop_crystal,
          amcnicky_altar_lugonu_corruption
D:5:      layout_rooms, mainiacjoe_overflow_surrounded_room
D:6:      layout_loops_corners, minmay_temple_entry_antechambers,
          chequers_ossuary_entry_cave

Skill      XL: |  1  2  3  4  5  6 |
---------------+-------------------+-----
Armour         | 4 5 |  5.7
Shields        | 4 |  4.8
Fighting       | 4 |  4.6
Long Blades    | 3 4 5 |  5.4
Dodging        | 1 |  1.3
Stealth        | |  0.2

Action                   |  1- 3 |  4- 6 || total
-------------------------+-------+-------++-------
Melee: Long sword        |    72 |   122 ||   194
       Headbutt          |    10 |    18 ||    28
  Use: Scroll            |       |     4 ||     4
       Potion            |       |     1 ||     1
Armor: Scale mail        |    46 |       ||    46
       Chain mail        |       |    70 ||    70
Dodge: Dodged            |    49 |    55 ||   104
Block: Buckler           |    18 |    40 ||    58

Table legend: (Time is in decaauts)
 A = Elapsed time spent in this place.
 B = Non-inter-level travel time spent in this place.
 C = Inter-level travel time spent in this place.
 D = Time resting spent in this place.
 E = Time spent auto-exploring this place.
 F = Levels seen in this place.
 G = Mean time per level.
                   A        B        C        D        E       F      G
               +--------+--------+--------+--------+--------+-----+--------+
         Total |   3678 |   3554 |    124 |      0 |   2874 |   6 |  613.0 |
       Dungeon |   3678 |   3554 |    124 |      0 |   2874 |   6 |  613.0 |
               +--------+--------+--------+--------+--------+-----+--------+

Top non-repeatable levels by time:
     D:4: 932 daAuts
     D:1: 845 daAuts
     D:3: 667 daAuts
     D:2: 642 daAuts
     D:5: 490 daAuts
     D:6: 100 daAuts
